 Dungeon Crawl Stone Soup version 0.28.0-45-g0d030f2227 (webtiles) character file.

Game seed: 12848555215451179685

331 L33tCrusader the Skirmisher (level 6, -5/49 HPs)
             Began as a Demonspawn Chaos Knight on Apr 8, 2022.
             Was a Plaything of Xom.
             Slain by a gnoll
             ... wielding a +2 vorpal spear
              (6 damage)
             ... on level 4 of the Dungeon.
             The game lasted 00:16:34 (3064 turns).

L33tCrusader the Skirmisher (DsCK)                  Turns: 3064, Time: 00:16:35

Health: -5/49      AC:  5    Str: 14      XL:     6   Next: 26%
Magic:  15/15      EV: 11    Int: 17      God:    Xom [.*....]
Gold:   53         SH:  0    Dex:  9 (11) Spells: 5/5 levels left

rFire   . . .      SeeInvis +   r - +9 mace of Bupliyfu {venom, Drain rElec Int+4 SInv}
rCold   . . .      Faith    .   (no shield)
rNeg    . . .      Spirit   .   b - +2 leather armour
rPois   .          Reflect  .   (no helmet)
rElec   +          Harm     .   (no cloak)
rCorr   .          Rampage  .   (no gloves)
Will    .....      Rnd*Tele +   (no boots)
Stlth   +.........              (no amulet)
HPRegen 0.16/turn               d - ring of magical power
MPRegen 0.14/turn               (no ring)

@: no status effects
A: powered by death 2, sturdy frame 1, clumsy 1, deterioration 1, mutation
resistance 1, teleportitis 1
a: Renounce Religion


You were on level 4 of the Dungeon.
You worshipped Xom.
You were a plaything of Xom.
You visited 1 branch of the dungeon, and saw 4 of its levels.

You collected 53 gold pieces.

Inventory:

Hand Weapons
 a - a +0 hand axe of chaos
 c - a +0 club
 j - a +0 great mace
 p - the +3 mace "Giantslayer" {freeze, +Blink Will++ rCorr Str-2}
   (You found it on level 2 of the Dungeon)

   It freezes those it strikes, dealing additional cold damage.
   It can also slow down cold-blooded creatures.
   Str:       It affects your strength (-2).
   +Blink:    It lets you blink.
   rCorr:     It protects you from acid and corrosion.
   Will:      It greatly increases your willpower.
 q - a +2 mace of flaming
 r - the +9 mace of Bupliyfu (weapon) {venom, Drain rElec Int+4 SInv}
   (You found it on level 2 of the Dungeon)

   It poisons the flesh of those it strikes.
   Int:       It affects your intelligence (+4).
   rElec:     It insulates you from electricity.
   SInv:      It lets you see invisible.
   Drain:     It drains your maximum health when unequipped.
 t - the +7 mace of Ririd {spect, rF- rN++}
   (You took it off a goblin on level 3 of the Dungeon)

   When its wielder attacks, the weapon's spirit leaps out and strikes again.
   The spirit shares a part of any damage it takes with its wielder.
   rF:        It makes you vulnerable to fire.
   rN:        It greatly protects you from negative energy.
Armour
 b - a +2 leather armour (worn)
Jewellery
 d - a ring of magical power (left hand)
 k - a ring of wizardry
Wands
 u - a wand of polymorph (13)
Scrolls
 i - 4 scrolls of amnesia
 m - a scroll of enchant weapon
 s - 2 scrolls of teleportation
Potions
 e - 3 potions of attraction
 f - a potion of brilliance
 g - a potion of mutation {unknown}
 h - 2 potions of lignification {unknown}
 l - 2 potions of curing {unknown}
 n - a potion of ambrosia {unknown}
 o - 2 potions of degeneration {unknown}


   Skills:
 + Level 4.4 Fighting
 - Level 3.4(4.0) Axes
 * Level 2.8(3.6) Maces & Flails
 + Level 3.2 Armour
 - Level 1.6 Dodging


You had 5 spell levels left.
You didn't know any spells.
Your spell library contained the following spells:

 Spells                   Type           Power      Damage    Failure   Level
 Static Discharge         Conj/Air       0%         N/A       36%         2
 Tukima's Dance           Hex            0%         N/A       58%         3
 Anguish                  Hex/Necr       0%         N/A       94%         4
 Lightning Bolt           Conj/Air       0%         1d11      100%        5
 Enfeeble                 Hex            0%         N/A       100%        7
 Maxwell's Capacitive Co  Air            0%         ∞         100%        8


Dungeon Overview and Level Annotations

Branches:
Dungeon (4/15)
 Temple: D:4-7

Altars:

Shops:
D:2 *


Innate Abilities, Weirdness & Mutations

You regenerate health from kills.
Your movements are slightly less encumbered by armour. (ER -2)
You are clumsy. (Dex -2)
Your body sometimes deteriorates upon taking damage.
You are somewhat resistant to further mutation.
You are occasionally teleported next to monsters.


Message History

The necrophage closely misses you.
The gnoll hits you from afar with a +0 spear.
You thump the necrophage!
The necrophage is almost destroyed.
The gnoll sergeant hits you from afar with a +0 spear!
* * * LOW HITPOINT WARNING * * *
The necrophage hits you.
* * * LOW HITPOINT WARNING * * *
The gnoll barely misses you. The gnoll sergeant barely misses you.
You closely miss the necrophage.
The necrophage is almost destroyed.
The necrophage hits you.
* * * LOW HITPOINT WARNING * * *
The gnoll barely misses you.
The gnoll sergeant hits you from afar with a +0 spear.
* * * LOW HITPOINT WARNING * * *
You barely miss the necrophage.
The necrophage is almost destroyed.
The necrophage barely misses you.
The gnoll hits you from afar with a +0 spear.
* * * LOW HITPOINT WARNING * * *
The gnoll sergeant hits you but does no damage.
You hit the necrophage.
You destroy the necrophage!
Xom grants you some temporary aid.
The gnoll hits you from afar with a +0 spear.
* * * LOW HITPOINT WARNING * * *
The gnoll hits your quasit with a +0 flail!
The gnoll sergeant throws a stone.
The stone misses your quasit. The stone completely misses you.
The gnoll misses you. The gnoll barely misses your quasit.
You have reached level 6!
Your demonic ancestry asserts itself...
The wave of death grows in power.
Xom is amused.
There are monsters nearby!
You swap places.
The gnoll sergeant closely misses you. The gnoll hits you but does no damage.
The gnoll barely misses you.
The gnoll hits you from afar with a +2 vorpal spear.
You die...

#.....# #.....#
#.### #..†..#
#.^..######.....#
.........#......#
.........#..#####
........g#55#
........g#5##
.?.....gg@5#
.......$g#5#
.........#.#
..###..$##..
#.#.#....
.?.#.....##
...##....## ..##.
...... . .. ....


You could see a gnoll sergeant, 4 gnolls, a friendly quasit (summoned), a
friendly crimson imp (summoned), a friendly white imp (summoned), a friendly
shadow imp (summoned) and a friendly ufetubus (summoned).

Vanquished Creatures
  A necrophage (D:4)
  Crazy Yiuf (D:2)
  Robin (D:3)
  10 adders
  An adder skeleton (D:2)
  4 worms
  2 dart slugs
  7 ball pythons
  2 endoplasms (D:2)
  8 giant cockroaches
  17 goblins
  8 hobgoblins
  3 jackals (D:1)
  3 quokkas
  5 bats
  5 frilled lizards
  5 kobolds
  9 rats
  A spectral kobold (D:2)
93 creatures vanquished.

Vanquished Creatures (collateral kills)
  An endoplasm (D:4)
1 creature vanquished.

Vanquished Creatures (others)
  4 plants (D:2)
  5 toadstools (D:1)
9 creatures vanquished.

Grand Total: 103 creatures vanquished

Notes
Turn   | Place    | Note
-------+----------+-------------------------------------------
     0 | D:1      | L33tCrusader the Demonspawn Chaos Knight began the quest
                  | for the Orb.
     0 | D:1      | Reached XP level 1. HP: 18/18 MP: 1/1
    26 | D:1      | Reached skill level 1 in Dodging
    97 | D:1      | XOM: silly message
   170 | D:1      | XOM: silly message
   249 | D:1      | XOM: 3-stop teleportation journey
   261 | D:1      | Gained mutation: You regenerate a little health from kills.
                  | [demonic ancestry]
   261 | D:1      | Reached XP level 2. HP: 18/24 MP: 2/2
   353 | D:1      | XOM: silly message
   609 | D:1      | Gained mutation: Your movements are slightly less
                  | encumbered by armour. (ER -2) [demonic ancestry]
   609 | D:1      | Reached XP level 3. HP: 22/29 MP: 3/3
   630 | D:1      | XOM: silly message
   895 | D:1      | XOM: scenery: summon butterflies
  1060 | D:2      | Found Orethue's Assorted Antiques.
  1086 | D:2      | XOM: smoke on damage
  1406 | D:2      | Found a faded altar of an unknown god.
  1449 | D:2      | XOM: 2-stop teleportation journey
  1462 | D:2      | Reached XP level 4. HP: 18/36 MP: 4/4
  1815 | D:2      | Identified the +3 mace "Giantslayer" {freeze, +Blink Will++
                  | rCorr Str-2}
  1818 | D:2      | Identified the +9 mace of Bupliyfu {venom, Drain rElec
                  | Int+4 SInv}
  1828 | D:2      | Found a runed translucent door.
  1829 | D:2      | Noticed Crazy Yiuf
  1833 | D:2      | XOM: noise
  1838 | D:2      | Killed Crazy Yiuf
  2054 | D:3      | XOM: noise
  2064 | D:3      | Reached skill level 1 in Maces & Flails
  2072 | D:3      | Reached XP level 5. HP: 24/42 MP: 5/5
  2417 | D:3      | XOM: silly message
  2520 | D:3      | Noticed Robin
  2520 | D:3      | Identified the +7 mace of Ririd {spect, rF- rN++}
  2525 | D:3      | Reached skill level 4 in Fighting
  2587 | D:3      | XOM: give mutations
  2587 | D:3      | Gained mutation: You are clumsy. (Dex -2) [Xom's mischief]
  2587 | D:3      | Gained mutation: You are occasionally teleported next to
                  | monsters. [Xom's mischief]
  2587 | D:3      | Gained mutation: Your body sometimes deteriorates upon
                  | taking damage. [Xom's mischief]
  2587 | D:3      | Gained mutation: You are somewhat resistant to further
                  | mutation. [Xom's mischief]
  2615 | D:3      | Killed Robin
  3037 | D:4      | Noticed a necrophage
  3043 | D:4      | XOM: summons friendly shadow imp
  3049 | D:4      | XOM: enchant monster (bad)
  3063 | D:4      | Killed a necrophage
  3063 | D:4      | XOM: summons 5 friendly demons
  3063 | D:4      | HP: 1/42 [gnoll/+0 spear (2)]
  3064 | D:4      | Gained mutation: You regenerate health from kills. [demonic
                  | ancestry]
  3064 | D:4      | Reached XP level 6. HP: 1/49 MP: 6/6
  3064 | D:4      | Slain by a gnoll

Illustrated notes

Levels and vault maps discovered:
D:1:      ldierk_walled_garden, layout_basic
D:2:      layout_rooms, dreamdust_ecumenical_altar_drowned_temple, serial_shops,
          nicolae_shop_overgrown_old_shop, uniq_crazy_yiuf_cottage
D:3:      kennysheep_big_flooded_room, layout_rooms, gup_sewer_entry_spiral,
          lemuel_another_geyser, uniq_robin
D:4:      layout_rooms, mainiacjoe_overflow_six_doors_small, uniq_natasha

Skill      XL: |  1  2  3  4  5 |
---------------+----------------+-----
Dodging        | 1 |  1.6
Armour         | 2 3 |  3.2
Axes           | 3 |  3.4
Maces & Flails | 1 2 |  2.8
Fighting       | 4 |  4.4

Action                   |  1- 3 |  4- 6 || total
-------------------------+-------+-------++-------
Melee: Hand axe          |   159 |    11 ||   170
       Punch             |     2 |     3 ||     5
       Mace              |       |   113 ||   113
  Use: Scroll            |     3 |     5 ||     8
 Stab: Paralysed         |     2 |       ||     2
       Sleeping          |     1 |       ||     1
       Distracted        |       |     1 ||     1
Armor: Leather armour    |    69 |    55 ||   124
Dodge: Dodged            |   104 |   119 ||   223
